 Dungeon Crawl Stone Soup version 0.25-a0-667-gb977e01cb5 (webtiles) character file.

Game seed: 16200292561052295424, levelgen mode: deterministic

389 kae the Conjurer (level 6, 0/32 HPs)
             Began as a Tengu Air Elementalist on Mar 27, 2020.
             Slain by a mummy (17 damage)
             ... in an ossuary.
             The game lasted 00:04:47 (3752 turns).

kae the Conjurer (Tengu Air Elementalist)           Turns: 3752, Time: 00:04:47

Health: 0/32       AC:  4    Str:  9    XL:     6   Next: 79%
Magic:  6/12       EV: 15    Int: 17    God:
Gold:   193        SH:  0    Dex: 14    Spells: 8/12 levels left

rFire    . . .     SeeInvis .   (no weapon)
rCold    . . .     Gourm    .   (no shield)
rNeg     . . .     Faith    .   a - +0 robe
rPois    .         Spirit   .   (helmet restricted)
rElec    .         Reflect  .   i - +1 cloak
rCorr    .         Harm     .   (no gloves)
MR       .....                  (boots unavailable)
Stlth    ++........             (no amulet)
HPRegen  0.10/turn              (no ring)
MPRegen  0.13/turn              (no ring)

@: flying quickly and evasively, quick
A: beak, talons 3, able to fly
a: Stop Flying


You were in an ossuary.
You were not hungry.

You visited 1 branch of the dungeon, and saw 4 of its levels.
You also visited: Ossuary.

You collected 193 gold pieces.

Inventory:

Armour
 a - a +0 robe (worn)
 i - a +1 cloak (worn)
Jewellery
 k - a cursed -2 ring of dexterity {unknown}
 m - a cursed amulet of inaccuracy
Scrolls
 j - a scroll of remove curse
 n - a scroll of teleportation
Potions
 b - 3 potions of brilliance
 d - 4 potions of heal wounds
 e - 4 potions of curing
 g - a potion of mutation {unknown}
 h - 2 potions of lignification
 l - a potion of invisibility
Comestibles
 c - 7 rations


   Skills:
 - Level 2.1 Dodging
 - Level 2.0 Stealth
 + Level 3.5 Spellcasting
 * Level 6.3 Conjurations
 + Level 5.9 Air Magic


You had 8 spell levels left.
You knew the following spells:

 Your Spells              Type           Power        Failure   Level  Hunger
a - Shock                 Conj/Air       ###.         1%          1    None
b - Static Discharge      Conj/Air       ###.....     4%          3    ###....

Your spell library contained the following spells:

 Spells                   Type           Power        Failure   Level  Hunger
 Swiftness                Chrm/Air       ##......     8%          2    ##.....
 Airstrike                Air            ###.......   14%         4    ####...
 Lightning Bolt           Conj/Air       ###.......   36%         5    ######.


Dungeon Overview and Level Annotations

Branches:
Dungeon (4/15)            Ossuary (1/1)
 Temple: D:4-7

Altars:
Ashenzari
Dithmenos
Elyvilon
Makhleb
Nemelex Xobeh
Sif Muna
Uskayaw
Yredelemnul
Zin

Annotations:
D:2 1 runed translucent door, Crazy Yiuf
D:3 3 runed translucent doors, Alarkh's ghost, amateur DsMo


Innate Abilities, Weirdness & Mutations

You have a beak for a mouth.
You have claws for feet.
You can fly continuously.


Message History

Press: ? - help, Shift-Dir - straight line, f/p - mummy
Aim: a mummy (heavily damaged)
The zap hits the mummy.
The mummy is heavily damaged.
The mummy hits you!
Casting: Shock (safe; 1% risk of failure)
Confirm with . or Enter, or press ? or * to list all spells.
Aiming: Shock (safe; 1% risk of failure)
Press: ? - help, Shift-Dir - straight line, f/p - mummy
Aim: a mummy (heavily damaged)
The zap hits the mummy.
The mummy is heavily damaged.
Casting: Shock (safe; 1% risk of failure)
Confirm with . or Enter, or press ? or * to list all spells.
Aiming: Shock (safe; 1% risk of failure)
Press: ? - help, Shift-Dir - straight line, f/p - mummy
Aim: a mummy (heavily damaged)
The zap misses the mummy.
The mummy hits you!
Ouch! That really hurt!
You die...

#+++# #...#
+...+ #...#
#...# #...#
#.M.# #.@.#
#...# #...#
##'''##
##.....##
####.......####
#W▓...∩.∩...▓W#
####.......####
##.....##


You could see a mummy.

Vanquished Creatures
  An ogre (D:4)
  A scorpion (D:2)
  An orc wizard (D:4)
  Jessica (D:2)
  2 worker ants (D:4)
  4 gnolls (D:2)
  An adder (D:4)
  4 oozes
  A worm (D:2)
  5 leopard geckos
  3 orcs (D:4)
  2 ball pythons
  3 giant cockroaches
  6 goblins
  A hobgoblin (D:1)
  3 jackals (D:4)
  2 quokkas
  13 bats
  8 frilled lizards
  A gnoll skeleton (Ossuary)
  9 kobolds
  A kobold skeleton (Ossuary)
  A leopard gecko skeleton (D:4)
  7 orc skeletons (Ossuary)
  11 rats
92 creatures vanquished.

Notes
Turn   | Place    | Note
-------+----------+-------------------------------------------
     0 | D:1      | kae the Tengu Air Elementalist began the quest for the Orb.
     0 | D:1      | Reached XP level 1. HP: 10/10 MP: 4/4
   128 | D:1      | Reached skill level 2 in Conjurations
   133 | D:1      | Reached XP level 2. HP: 10/15 MP: 1/6
   916 | D:1      | Reached XP level 3. HP: 19/19 MP: 5/7
  1080 | D:1      | Learned a level 3 spell: Static Discharge
  1174 | D:2      | Found a runed translucent door.
  1175 | D:2      | Noticed Crazy Yiuf
  1211 | D:2      | Reached skill level 3 in Conjurations
  1398 | D:2      | Reached XP level 4. HP: 24/24 MP: 3/8
  1473 | D:2      | Reached skill level 4 in Conjurations
  1655 | D:2      | Found a shattered altar of Ashenzari.
  1931 | D:2      | Reached skill level 5 in Air Magic
  1931 | D:2      | Gained mutation: You can fly continuously. [Tengu growth]
  1931 | D:2      | Reached XP level 5. HP: 28/28 MP: 2/10
  2057 | D:2      | Noticed Jessica
  2068 | D:2      | Killed Jessica
  2261 | D:2      | Found a shadowy altar of Dithmenos.
  2261 | D:2      | Found a shimmering blue altar of Sif Muna.
  2501 | D:3      | Found a white marble altar of Elyvilon.
  2558 | D:3      | Found a glowing silver altar of Zin.
  2563 | D:3      | Reached skill level 5 in Conjurations
  2617 | D:3      | Noticed Alarkh's ghost (amateur DsMo)
  2619 | D:3      | Found a runed translucent gate.
  2619 | D:3      | Found a runed translucent gate.
  2619 | D:3      | Found a runed translucent gate.
  2742 | D:3      | Found a basalt altar of Yredelemnul.
  2923 | D:3      | Found a hide-covered altar of Uskayaw.
  2995 | D:3      | Found a burning altar of Makhleb.
  3121 | D:3      | Found a sparkling altar of Nemelex Xobeh.
  3222 | D:4      | Noticed an ogre
  3230 | D:4      | Killed an ogre
  3230 | D:4      | Reached XP level 6. HP: 17/32 MP: 4/12
  3362 | D:4      | Reached skill level 6 in Conjurations
  3580 | D:4      | Found a sand-covered staircase.
  3585 | Ossuary  | Entered an ossuary
  3585 | Ossuary  | Noticed a wraith
  3585 | Ossuary  | Noticed a wraith
  3585 | Ossuary  | Noticed a wraith
  3752 | Ossuary  | Slain by a mummy

Levels and vault maps discovered:
D:1:      minmay_arrival_three_doors, layout_loops_corners, minmay_vboxes
D:2:      layout_loops_ring, gammafunk_temple_overflow_statue,
          ashenzari_altar_1, uniq_jessica, uniq_crazy_yiuf_cottage
D:3:      layout_rooms, lemuel_round_altar, nicolae_overflow_crystal_walls,
          lemuel_round_altar, bloody_makhleb, old_standard_altar,
          ebering_ghost_rock_garden, nemelex_diamond_rough_becter
D:4:      layout_loops_ring, lightli_ossuary_entry_decrepit_ruins, first_ration,
          kennysheep_path_1
Ossuary:  ossuary_due_mausoleum

Skill      XL: |  1  2  3  4  5  6 |
---------------+-------------------+-----
Conjurations   | 2 3 4 5 6 |  6.3
Air Magic      | 5 |  5.9
Spellcasting   | 3 |  3.5
Dodging        | |  2.1
Stealth        | |  2.0

Action                   |  1- 3 |  4- 6 || total
-------------------------+-------+-------++-------
Melee: Unarmed           |    26 |    22 ||    48
       Kick              |     8 |     6 ||    14
       Peck              |     3 |     2 ||     5
 Cast: Shock             |    51 |   120 ||   171
 Abil: Fly               |       |     1 ||     1
  Use: Scroll            |     2 |    10 ||    12
 Stab: Sleeping          |     1 |     2 ||     3
  Eat: Chunk             |     2 |     7 ||     9
Armor: Robe              |    11 |     5 ||    16
Dodge: Dodged            |    29 |    37 ||    66

Table legend:
 A = Non-vault XP
 B = Vault XP
 C = Vault XP percentage of total XP
 D = Non-vault monster count
 E = Vault monster count
 F = Vault count percentage of total count
                 A         B        C        D         E       F
            +---------+---------+-------+---------+---------+-------
      Total |     501 |      55 |   9.9 |      76 |      16 |  17.4
            +---------+---------+-------+---------+---------+-------
        D:1 |      27 |       9 |  25.0 |      17 |       6 |  26.1
        D:2 |     171 |      37 |  17.8 |      23 |       1 |   4.2
        D:3 |      33 |       0 |   0.0 |      18 |       0 |   0.0
        D:4 |     270 |       0 |   0.0 |      18 |       0 |   0.0
    Ossuary |       0 |       9 | 100.0 |       0 |       9 | 100.0
            +---------+---------+-------+---------+---------+-------
